Map: Year Zero LE

Players

PtitDrogo - Winner!

  • Race: Protoss Protoss
  • League: Grandmaster
  • Spawn Location: 1:00

Namshar

  • Race: Zerg Zerg
  • League: Grandmaster
  • Spawn Location: 11:00

Event: 2019 WCS Winter Europe

VOD

Have the link to the VOD?

Description

Time

  • Played on: Feb. 14, 2019, 12:26 p.m.
  • Length: 24:26

All games in this series

Show
View Real Time Build Order
Export as new Build Order

PtitDrogo Protoss - Winner!

Build Orders: 1 Gate Expand, Oracle Opening, Archon Immortal, Archon Drop 

Get SALT Encoding   

  12  0:00  Probe  
  13  0:12  Probe  
  14  0:20  Pylon  
  14  0:24  Probe  
  15  0:29  Assimilator  
  15  0:35  Probe  
  16  0:43  Probe  
  16  0:44  Gateway  
  17  0:52  Probe  
  18  1:04  Probe  
  19  1:16  Probe  
  20  1:25  Nexus  
  20  1:36  Cybernetics Core  
  20  1:38  Probe  
  21  1:44  Assimilator  
  21  1:50  Probe  
  21  1:53  Pylon  
  22  2:02  Stalker, Probe  
  23  2:14  Stargate  
  25  2:17  Probe  
  25  2:22  Warp Gate  
  26  2:30  Probe  
  26  2:32  Adept  
  26  2:33  Probe  
  29  2:38  Probe  
  29  2:42  Probe  
  31  2:46  Probe  
  31  2:49  Oracle  
  33  2:51  Probe  
  34  2:58  Probe  
  34  3:03  Pylon  
  38  3:06  Probe  
  38  3:10  Probe  
  40  3:14  Assimilator  
  40  3:17  Assimilator  
  40  3:18  Probe  
  41  3:24  Robotics Facility  
  41  3:26  Probe  
  42  3:32  Pylon  
  42  3:36  Probe  
  43  3:42  Twilight Council  
  43  3:46  Probe  
  44  3:53  Probe  
  45  3:58  Probe  
  45  4:02  Gateway x2  
  46  4:05  Probe, Gateway  
  46  4:06  Warp Prism  
  47  4:10  Probe  
  50  4:19  Probe  
  51  4:28  Templar Archives  
  51  4:30  Zealot  
  53  4:34  Probe x2  
  53  4:36  Pylon  
  55  4:52  Nexus  
  55  4:54  Probe x2  
  57  5:02  Observer  
  57  5:04  High Templar x3  
  57  5:05  High Templar  
  57  5:06  Probe  
  57  5:07  Probe  
  68  5:08  Archon x2  
  68  5:09  Pylon  
  68  5:12  Pylon  
  68  5:22  Probe x2, Forge  
  68  5:23  Immortal  
  70  5:34  Probe  
  75  5:39  Charge  
  75  5:41  Probe  
  76  5:43  Protoss Ground Weapons Level 1  
  76  5:46  Probe  
  77  5:53  Probe  
  77  5:55  Immortal  
  78  5:58  Probe  
  83  6:05  Probe  
  83  6:06  Sentry x3, Probe  
  83  6:10  Probe  
  92  6:17  Probe  
  92  6:18  Probe  
  94  6:21  Sentry  
  94  6:22  Probe, Pylon  
  94  6:23  Assimilator  
  97  6:26  Assimilator  
  97  6:29  Probe  
  97  6:31  Immortal  
  97  6:32  Probe  
  99  6:35  Gateway  
  99  6:39  Gateway  
  99  6:40  Probe  
  99  6:41  Probe  
  99  6:45  Pylon  
  105  6:47  Pylon  
  105  6:50  Probe  
  105  6:52  Psionic Storm, Probe  
  97  7:02  Immortal  
  97  7:07  High Templar  
  99  7:09  Photon Cannon  
  99  7:10  Photon Cannon  
  99  7:12  Photon Cannon, Shield Battery  
  99  7:14  Pylon  
  103  7:22  High Templar x2  
  105  7:26  Probe  
  105  7:27  Protoss Ground Weapons Level 2  
  105  7:29  High Templar  
  110  7:34  Gateway  
  110  7:35  Gateway  
  110  7:37  Immortal  
  110  7:39  Zealot x3  
  120  7:52  Pylon  
  120  7:55  High Templar, Photon Cannon  
  120  7:57  Zealot, Pylon  
  121  8:06  Zealot x3  
  121  8:07  Zealot  
  121  8:09  Pylon  
  121  8:11  Pylon  
  127  8:13  Immortal  
  123  8:28  Zealot x6, High Templar x2  
  135  8:47  Nexus  
  135  8:48  Immortal  
  135  8:49  Probe x2  
  135  8:50  Pylon  
  135  8:52  Fleet Beacon  
  141  8:56  Void Ray  
  143  9:12  Probe  
  142  9:22  Stalker x3  
  142  9:23  Stalker x2  
  152  9:34  Stalker  
  152  9:35  Stalker x2, Mothership  
  148  9:48  Zealot x5  
  148  9:51  Immortal  
  156  9:58  Photon Cannon  
  144  10:04  Pylon  
  144  10:06  Pylon  
  156  10:08  Protoss Ground Weapons Level 3  
  156  10:22  Zealot  
  156  10:24  Zealot  
  156  10:25  Nexus  
  156  10:27  Pylon  
  160  10:30  Assimilator  
  160  10:33  Protoss Air Weapons Level 1  
  160  10:34  Assimilator  
  160  10:43  Stargate  
  160  10:46  Stargate  
  158  10:54  Zealot x4  
  158  10:56  High Templar  
  168  10:58  Probe  
  169  11:06  Warp Prism  
  171  11:20  Zealot x6  
  171  11:22  Tempest  
  181  11:26  Tempest  
  179  11:36  Tempest  
  183  12:04  Tempest  
  183  12:05  High Templar x2  
  183  12:06  Zealot x2  
  183  12:07  Observer  
  195  12:19  Tempest  
  195  12:20  Probe x2  
  192  12:23  Photon Cannon  
  192  12:24  Photon Cannon  
  192  12:25  Photon Cannon  
  192  12:27  Photon Cannon  
  192  12:41  Zealot x2  
  187  12:52  Tempest x2  
  170  13:02  Tempest  
  176  13:07  Zealot x2  
  176  13:08  Zealot  
  161  13:20  Zealot x3  
  166  13:30  Archon  
  166  13:32  Observer  
  166  13:33  Tempest  
  166  13:34  Tempest  
  154  13:35  Zealot x5  
  154  13:41  Protoss Shields Level 1  
  155  13:44  High Templar  
  155  13:45  High Templar x2, Tempest  
  166  13:49  Observer  
  166  13:50  Photon Cannon  
  166  13:52  Photon Cannon  
  167  13:59  Nexus  
  167  14:01  Pylon, Dark Shrine  
  167  14:02  High Templar x2  
  171  14:08  Void Ray x2  
  156  14:17  High Templar  
  166  14:18  High Templar x2, Protoss Air Weapons Level 2  
  166  14:20  Zealot x3  
  176  14:29  Void Ray  
  180  14:35  Photon Cannon  
  180  14:42  Zealot x4  
  180  14:43  Zealot  
  183  14:55  Zealot x2  
  183  14:56  Zealot  
  188  15:06  Probe, Void Ray  
  189  15:08  Void Ray  
  195  15:17  High Templar  
  189  15:21  Dark Templar x2  
  189  15:29  High Templar x3  
  189  15:33  Archon  
  189  15:35  Archon  
  191  15:37  High Templar  
  191  15:38  Zealot  
  193  15:59  Void Ray  
  193  16:02  Zealot x4  
  195  16:11  Stalker  
  193  16:21  Protoss Shields Level 2  
  193  16:24  Zealot x6  
  192  16:39  High Templar x2  
  148  17:05  Nexus  
  148  17:06  Void Ray x2  
  148  17:07  Void Ray  
  151  17:08  Zealot x4  
  151  17:09  Zealot x2  
  163  17:16  Dark Templar  
  163  17:17  Dark Templar, Pylon  
  163  17:22  Archon  
  162  17:28  Zealot x2  
  166  17:35  Observer  
  165  17:45  Photon Cannon  
  165  17:46  Photon Cannon  
  163  17:56  Observer  
  152  18:10  Archon  
  158  18:15  Mothership  
  158  18:17  Observer  
  147  18:22  Zealot, High Templar x3  
  147  18:23  Zealot x4  
  145  18:29  Protoss Shields Level 3, Assimilator  
  145  18:31  Observer  
  145  18:34  Photon Cannon, Pylon  
  154  18:44  Protoss Air Weapons Level 3  
  154  18:47  Assimilator  
  154  18:51  Zealot x5  
  164  18:59  Nexus  
  164  19:01  Pylon  
  164  19:08  Pylon  
  164  19:12  High Templar  
  164  19:13  High Templar  
  168  19:21  Warp Prism  
  170  19:47  Immortal  
  174  20:02  High Templar  
  174  20:03  Zealot x5, High Templar  
  174  20:04  Zealot  
  189  20:12  Archon  
  187  20:16  Nexus  
  187  20:18  Pylon  
  185  20:21  Assimilator  
  185  20:24  Assimilator  
  185  20:26  Zealot  
  185  20:27  Zealot x3, Dark Templar x2  
  185  20:28  Pylon  
  187  20:48  Zealot x6  
  197  20:53  Assimilator  
  197  20:54  Assimilator  
  185  21:02  Zealot x2  
  175  21:16  Zealot  
  175  21:17  Zealot x5  
  153  21:40  Tempest x3  
  153  21:41  Zealot x3, High Templar x2  
  153  21:42  Zealot x2  
  153  21:44  Protoss Air Armor Level 1  
  166  22:02  Photon Cannon  
  166  22:04  Photon Cannon  
  166  22:06  Photon Cannon x2, High Templar  
  166  22:07  Zealot x4  
  174  22:08  Warp Prism  
  172  22:16  Zealot x3  
  172  22:21  Gateway  
  180  22:24  Gateway  
  180  22:28  Gateway  
  180  22:29  Photon Cannon  
  180  22:30  Gateway  
  180  22:33  Photon Cannon  
  180  22:34  Gateway  
  180  22:35  Photon Cannon  
  180  22:39  Gateway  
  178  22:45  Zealot x8  
  178  22:49  Oracle  
  193  23:06  High Templar x3  
  198  23:13  Dark Templar x2  
  198  23:14  Zealot  
  198  23:15  Nexus  
  190  23:29  Probe  
  190  23:32  Pylon  
  162  23:41  Archon x3  
  158  23:52  Zealot x4, Dark Templar x2  
  158  23:53  Zealot  
  172  24:01  Assimilator  
  172  24:02  High Templar  
  172  24:03  Assimilator  
  172  24:06  Photon Cannon  
  172  24:08  Photon Cannon, Shield Battery  
  172  24:09  High Templar, Shield Battery  
  170  24:10  High Templar x5  
Show
View Real Time Build Order
Export as new Build Order

Namshar Zerg 

Build Orders: Hatch First, Brood Lord Corruptor, Lurkers, Roach Hydra 

Get SALT Encoding   

  12  0:00  Drone  
  13  0:12  Overlord  
  13  0:17  Drone  
  14  0:31  Drone x2  
  14  0:34  Drone  
  17  0:52  Hatchery  
  17  0:55  Drone  
  17  0:58  Drone  
  18  1:10  Extractor  
  17  1:13  Spawning Pool  
  17  1:16  Drone  
  17  1:20  Drone  
  18  1:28  Drone  
  19  1:39  Drone  
  20  1:46  Hatchery  
  19  1:50  Drone  
  20  2:00  Drone  
  21  2:04  Drone  
  21  2:06  Queen  
  24  2:13  Overlord  
  24  2:20  Metabolic Boost  
  24  2:23  Zergling x2  
  24  2:26  Drone  
  24  2:27  Zergling x2  
  27  2:33  Drone  
  28  2:37  Queen  
  28  2:44  Queen  
  30  2:49  Overlord  
  33  2:51  Drone  
  33  2:54  Drone  
  33  2:57  Drone  
  35  3:00  Drone  
  35  3:02  Drone  
  37  3:07  Drone  
  37  3:10  Drone  
  37  3:11  Drone  
  40  3:15  Drone x3  
  43  3:20  Overlord  
  43  3:21  Drone x2  
  43  3:26  Drone  
  46  3:29  Spore Crawler  
  46  3:32  Overlord  
  46  3:33  Drone  
  46  3:40  Drone  
  47  3:45  Overlord  
  47  3:47  Drone  
  48  3:48  Drone x2  
  48  3:49  Drone x4  
  48  3:51  Drone  
  48  3:55  Spore Crawler x2  
  54  3:56  Drone  
  54  4:02  Drone x4  
  58  4:06  Queen  
  58  4:08  Overlord  
  60  4:13  Overlord  
  60  4:17  Lair  
  60  4:18  Extractor x2  
  60  4:22  Roach Warren  
  60  4:23  Drone x2  
  59  4:25  Drone  
  59  4:28  Drone x2  
  59  4:30  Drone x2  
  63  4:34  Drone x2  
  65  4:39  Drone x5  
  65  4:44  Evolution Chamber  
  65  4:45  Overlord  
  69  4:47  Drone  
  69  4:51  Extractor  
  68  4:57  Overlord, Drone  
  68  4:58  Overlord  
  68  4:59  Overlord  
  69  5:01  Queen  
  69  5:03  Roach x2  
  69  5:04  Roach  
  77  5:07  Roach  
  77  5:08  Roach x2  
  77  5:12  Zerg Missile Weapons Level 1  
  83  5:15  Drone  
  83  5:17  Extractor  
  83  5:18  Roach  
  83  5:20  Roach x2  
  89  5:25  Overlord, Drone  
  90  5:37  Drone x3  
  90  5:38  Overlord  
  90  5:41  Overlord x2  
  92  5:45  Drone  
  92  5:47  Extractor, Hydralisk Den, Drone  
  92  5:51  Drone  
  92  5:52  Drone x2  
  92  5:53  Glial Reconstitution  
  92  5:56  Overlord  
  95  6:07  Roach x2  
  95  6:08  Roach  
  95  6:10  Overseer  
  101  6:14  Hatchery  
  101  6:15  Drone  
  100  6:19  Overlord  
  100  6:31  Overlord  
  100  6:32  Overlord  
  98  6:34  Hydralisk x2, Grooved Spines  
  98  6:35  Hydralisk x9  
  98  6:39  Overseer  
  120  6:43  Overlord  
  120  6:45  Zergling x4  
  122  6:51  Hydralisk x4  
  130  7:03  Overlord  
  130  7:04  Hydralisk  
  130  7:05  Hydralisk x2  
  130  7:07  Zerg Missile Weapons Level 2  
  136  7:15  Overlord  
  136  7:16  Hydralisk x3  
  141  7:28  Hydralisk  
  141  7:29  Hydralisk x2  
  147  7:30  Roach  
  147  7:31  Roach x3  
  147  7:33  Hydralisk  
  157  7:41  Overlord, Pneumatized Carapace  
  157  7:43  Drone x11  
  168  7:50  Muscular Augments  
  168  7:51  Overlord  
  168  8:00  Zergling x12  
  174  8:09  Overlord x2  
  174  8:11  Lurker Den  
  174  8:12  Drone  
  173  8:15  Hydralisk  
  173  8:16  Zergling x16  
  163  8:20  Hydralisk  
  163  8:21  Zergling x8  
  163  8:26  Hydralisk x2  
  168  8:35  Extractor  
  168  8:36  Extractor  
  168  8:37  Hydralisk x3  
  172  8:46  Hydralisk x4  
  178  8:53  Drone  
  178  8:54  Infestation Pit  
  178  8:56  Hatchery  
  178  8:59  Hydralisk x4  
  184  9:07  Drone x2  
  185  9:23  Drone  
  186  9:25  Zerg Ground Armor Level 1  
  185  9:32  Hive, Drone, Spire  
  185  9:38  Drone x2  
  185  9:39  Drone x2  
  185  9:40  Drone x4  
  185  9:44  Zergling x12  
  196  9:46  Extractor  
  196  9:48  Extractor  
  181  10:07  Spore Crawler, Drone x4  
  181  10:08  Spine Crawler x2  
  181  10:09  Spine Crawler  
  181  10:19  Drone  
  181  10:20  Evolution Chamber  
  181  10:23  Lurker x8  
  181  10:26  Spore Crawler  
  181  10:27  Spine Crawler  
  186  10:46  Greater Spire  
  184  11:03  Corruptor, Zerg Missile Weapons Level 3  
  184  11:04  Corruptor x6  
  184  11:11  Adaptive Talons  
  198  11:27  Spine Crawler  
  197  11:32  Zerg Ground Armor Level 2  
  197  11:34  Overseer x2  
  197  11:36  Overlord x2  
  185  11:48  Hydralisk x4  
  185  11:58  Brood Lord x7  
  185  12:00  Overseer  
  185  12:01  Overseer x2  
  197  12:03  Hydralisk  
  196  12:09  Zerg Flyer Weapons Level 1  
  194  12:24  Zergling x10  
  190  12:55  Hydralisk x2  
  190  12:56  Hydralisk x3  
  183  13:07  Corruptor x6  
  186  13:13  Hydralisk x6  
  182  13:23  Hydralisk x5  
  186  13:30  Overlord x3  
  186  13:32  Hydralisk x6  
  165  13:35  Hydralisk x8  
  165  13:37  Corruptor x4  
  165  13:39  Overlord x6  
  165  13:40  Overseer x2  
  165  13:41  Overseer x2  
  174  13:57  Lurker x4  
  174  13:59  Lurker  
  174  14:00  Lurker  
  176  14:04  Hatchery  
  176  14:09  Hydralisk x5  
  176  14:17  Lurker x2  
  176  14:18  Lurker  
  176  14:21  Hydralisk x2  
  176  14:22  Zergling x14  
  189  14:27  Hydralisk  
  189  14:28  Zergling x8  
  195  14:32  Zerg Flyer Weapons Level 2  
  195  14:52  Hydralisk x7  
  187  15:01  Hydralisk x2  
  187  15:02  Zergling x10  
  187  15:11  Hydralisk x2  
  187  15:12  Corruptor  
  187  15:13  Corruptor x2  
  189  15:18  Corruptor x2  
  181  15:24  Hydralisk x2  
  180  15:35  Hydralisk x3  
  192  15:52  Corruptor x3  
  183  16:13  Hydralisk, Zergling x2  
  183  16:14  Zergling x12  
  183  16:26  Overseer  
  183  16:27  Infestor x2, Overseer x2  
  183  16:28  Infestor x6  
  183  16:32  Hydralisk, Zergling x2  
  192  16:33  Zergling x10  
  192  16:39  Overseer x3  
  191  16:45  Hydralisk, Zergling x2  
  191  16:46  Zergling x6  
  182  16:54  Hydralisk  
  182  16:55  Zergling x6  
  139  17:02  Hydralisk x2  
  139  17:06  Hydralisk x2  
  121  17:13  Hydralisk x2  
  121  17:14  Lurker  
  121  17:15  Lurker x4  
  126  17:19  Hydralisk  
  126  17:20  Hydralisk  
  127  17:25  Hydralisk, Zergling x2  
  127  17:26  Zergling x2  
  127  17:30  Hydralisk  
  127  17:35  Hydralisk x2  
  120  18:01  Hatchery  
  120  18:05  Hydralisk x2  
  114  18:06  Hydralisk x2, Zergling x6  
  104  18:21  Hatchery  
  104  18:27  Drone x3  
  106  18:38  Pathogen Glands  
  106  18:44  Overseer  
  106  18:54  Infestor  
  106  18:55  Infestor  
  110  18:59  Infestor  
  112  19:06  Infestor  
  114  19:13  Extractor  
  114  19:14  Infestor  
  115  19:26  Infestor x2  
  118  19:39  Drone x7  
  125  19:54  Hydralisk x2  
  125  19:56  Zergling x10  
  125  19:58  Infestor  
  136  20:05  Neural Parasite  
  136  20:12  Burrow  
  136  20:15  Hydralisk x2  
  134  20:31  Hydralisk  
  134  20:32  Hydralisk x3  
  133  20:47  Hydralisk x3  
  133  21:05  Hydralisk  
  133  21:06  Hydralisk x2, Zergling x2  
  133  21:07  Zergling x10  
  143  21:14  Hydralisk x3  
  139  21:52  Infestor  
  139  21:53  Infestor  
  143  21:58  Zergling x20  
  153  22:02  Hatchery  
  153  22:08  Corruptor  
  153  22:21  Corruptor  
  155  22:25  Spine Crawler  
  155  22:26  Spine Crawler  
  155  22:27  Spore Crawler, Spine Crawler  
  151  22:40  Spore Crawler  
  150  22:48  Spore Crawler  
  150  22:50  Spine Crawler  
  148  22:53  Corruptor x2  
  152  23:02  Hatchery  
  152  23:03  Drone x2  
  153  23:12  Hydralisk  
  132  23:29  Hydralisk  
  132  23:30  Hydralisk  
  128  23:39  Hydralisk  
  128  23:40  Hydralisk  
  118  23:42  Zergling x24  
Tags
 
Add a new tag
Caveats
  • Supply blocks, unpowered buildings, or Contaminate may cause inaccurate times.
  • Supply counts are checked every 10 seconds.